[ AOE2 MATCH · #478934038 ]
UnrankedBohemians vs Celts
[ REPLAY ANALYSIS · EXTRACTED FROM THE RECORDED GAME ]
Feudal
11:31
Castle
17:22
Imperial
27:11
| APM avg | 19.7 |
| APM peak | 47 |
| eAPM avg | 11.8 |
| Villagers / military | 104 / 56 |
Focus
⚔️ 25.0% · 🌾 75.0%
Hand Cannoneer ×45 · Hussite Wagon ×5 · Bombard Cannon ×3 · Monk ×2 · Trebuchet (Packed) ×1
Feudal
11:08
Castle
20:50
Imperial
34:30
| APM avg | 27.3 |
| APM peak | 62 |
| eAPM avg | 21.1 |
| Villagers / military | 149 / 74 |
Focus
⚔️ 41.1% · 🌾 58.9%
Unknown (2550) ×165 · Spearman ×74 · Trade Cart ×14
Feudal
21:30
Castle
27:23
Imperial
42:56
| APM avg | 25.9 |
| APM peak | 67 |
| eAPM avg | 13.6 |
| Villagers / military | 60 / 5 |
Focus
⚔️ 19.9% · 🌾 80.1%
Monk ×5
Feudal
15:39
Castle
26:17
Imperial
—
| APM avg | 9.8 |
| APM peak | 24 |
| eAPM avg | 7.0 |
| Villagers / military | 96 / 4 |
Focus
⚔️ 9.5% · 🌾 90.5%
Spearman ×4
Feudal
10:26
Castle
16:37
Imperial
28:48
| APM avg | 20.1 |
| APM peak | 53 |
| eAPM avg | 12.8 |
| Villagers / military | 121 / 115 |
Focus
⚔️ 28.7% · 🌾 71.3%
Camel Scout ×75 · Scorpion ×25 · Knight ×6 · Scout Cavalry ×4 · Trebuchet (Packed) ×4 · War Elephant ×1
Feudal
17:33
Castle
21:28
Imperial
—
| APM avg | 19.2 |
| APM peak | 43 |
| eAPM avg | 14.0 |
| Villagers / military | 137 / 9 |
Focus
⚔️ 12.9% · 🌾 87.1%
Militia ×8 · Mangonel ×1
Feudal
10:41
Castle
17:43
Imperial
31:22
| APM avg | 34.0 |
| APM peak | 65 |
| eAPM avg | 19.5 |
| Villagers / military | 201 / 57 |
Focus
⚔️ 17.7% · 🌾 82.3%
Knight ×49 · Trade Cart ×8 · Battering Ram ×5 · Trebuchet (Packed) ×3
Feudal
13:26
Castle
23:12
Imperial
38:15
| APM avg | 79.0 |
| APM peak | 132 |
| eAPM avg | 37.1 |
| Villagers / military | 150 / 79 |
Focus
⚔️ 41.2% · 🌾 58.8%
Conquistador ×69 · Trebuchet (Packed) ×5 · Petard ×2 · Battering Ram ×2 · Monk ×1
Match map
Initial resources + every placement click. Lines = walls · curves = elevation contours. ◆ gold · ⬟ stone · ● berries · ✦ relic · ◌ wall gap
Your base· ✓ Closed at 17:22 · 0t walls · fragile
Võ Nguyên Giáp's base· Open — opponent sealed themselves in
TM PIMPON's base· ✓ Closed at 27:23 · 10t walls · no gate
L3GAL's base· Open — opponent sealed themselves in
ComeCanchaDelAño's base· ✓ Closed at 16:37 · 0t walls · no gate
TDoggy's base· Open — opponent sealed themselves in
ANDIFRES's base· ✓ Closed at 17:43 · 12t walls · 1 gate(s)
IhateArena's base· ✓ Closed at 23:12 · 37t walls · 5 gate(s)
Smoothed initial terrain · ◌ = detected wall gap · hover for details
Inputs per minute
— Jeff - - Võ Nguyên Giáp
Build order — Jeff
First 150 of 249 actions detected
| 0:04 | Create | Villager (Male) |
| 0:04 | Create | Villager (Male) |
| 0:05 | Create | Villager (Male) |
| 0:05 | Create | Villager (Male) |
| 0:05 | Create | Villager (Male) |
| 0:10 | Build | House |
| 0:15 | Build | House |
| 0:20 | Build | House |
| 1:34 | Build | Mill |
| 1:38 | Create | Villager (Male) |
| 1:38 | Create | Villager (Male) |
| 2:28 | Create | Villager (Male) |
| 2:28 | Create | Villager (Male) |
| 2:53 | Create | Villager (Male) |
| 2:54 | Create | Villager (Male) |
| 3:17 | Create | Villager (Male) |
| 3:17 | Create | Villager (Male) |
| 3:57 | Create | Villager (Male) |
| 3:58 | Create | Villager (Male) |
| 4:23 | Create | Villager (Male) |
| 4:23 | Create | Villager (Male) |
| 4:56 | Create | Villager (Male) |
| 5:18 | Create | Villager (Male) |
| 5:38 | Create | Villager (Male) |
| 5:57 | Build | House |
| 6:19 | Build | Farm |
| 6:22 | Create | Villager (Male) |
| 6:34 | Build | Lumber Camp |
| 6:46 | Build | Farm |
| 6:52 | Create | Villager (Male) |
| 7:11 | Create | Villager (Male) |
| 7:34 | Build | Farm |
| 7:39 | Build | Farm |
| 7:49 | Create | Villager (Male) |
| 8:16 | Create | Villager (Male) |
| 8:40 | Create | Villager (Male) |
| 9:12 | Build | House |
| 9:21 | Research | Feudal Age |
| 10:12 | Create | Villager (Male) |
| 10:12 | Create | Villager (Male) |
| 11:31 | Age | Feudal Age |
| 11:37 | Create | Villager (Male) |
| 12:05 | Build | Mining Camp |
| 12:19 | Build | Market |
| 12:26 | Build | Blacksmith |
| 12:33 | Create | Villager (Male) |
| 13:01 | Build | Mining Camp |
| 13:21 | Create | Villager (Male) |
| 13:21 | Create | Villager (Male) |
| 13:31 | Build | House |
| 14:20 | Build | House |
| 14:37 | Create | Villager (Male) |
| 14:41 | Research | Castle Age |
| 14:53 | Build | House |
| 15:16 | Research | Double-Bit Axe |
| 15:24 | Build | Farm |
| 15:31 | Build | Farm |
| 15:38 | Build | Farm |
| 17:13 | Research | Horse Collar |
| 17:22 | Age | Castle Age |
| 17:23 | Build | Farm |
| 17:35 | Build | Town Center |
| 17:41 | Create | Villager (Male) |
| 17:41 | Create | Villager (Male) |
| 18:25 | Build | Farm |
| 18:34 | Build | Farm |
| 18:35 | Build | Farm |
| 18:37 | Build | Farm |
| 18:39 | Create | Villager (Male) |
| 18:40 | Create | Villager (Male) |
| 19:10 | Build | Monastery |
| 19:14 | Create | Villager (Male) |
| 19:27 | Create | Villager (Male) |
| 19:27 | Create | Villager (Male) |
| 19:28 | Create | Villager (Male) |
| 19:34 | Create | Villager (Male) |
| 19:56 | Create | Monk |
| 20:05 | Build | Farm |
| 20:09 | Build | Farm |
| 20:16 | Create | Villager (Male) |
| 20:17 | Create | Villager (Male) |
| 20:21 | Create | Villager (Male) |
| 20:27 | Build | Farm |
| 20:28 | Build | Farm |
| 20:31 | Research | Fervor |
| 20:35 | Create | Villager (Male) |
| 20:59 | Create | Villager (Male) |
| 21:06 | Create | Villager (Male) |
| 21:18 | Build | Farm |
| 21:20 | Build | Farm |
| 21:46 | Create | Villager (Male) |
| 21:46 | Create | Villager (Male) |
| 21:52 | Create | Villager (Male) |
| 21:58 | Build | House |
| 21:59 | Build | House |
| 22:31 | Build | Castle |
| 22:42 | Build | Farm |
| 22:50 | Build | Farm |
| 22:58 | Build | University |
| 23:04 | Create | Villager (Male) |
| 23:10 | Create | Villager (Male) |
| 23:36 | Create | Villager (Male) |
| 23:46 | Create | Villager (Male) |
| 23:55 | Research | Imperial Age |
| 23:59 | Build | Farm |
| 24:04 | Research | Heavy Plow |
| 24:09 | Build | Farm |
| 24:14 | Build | Siege Workshop |
| 24:29 | Build | Farm |
| 24:31 | Build | Farm |
| 24:33 | Build | Farm |
| 24:48 | Build | Barracks |
| 24:57 | Research | Chemistry |
| 25:01 | Create | Villager (Male) |
| 25:02 | Create | Villager (Male) |
| 25:17 | Build | Town Center |
| 25:29 | Build | Archery Range |
| 26:10 | Build | Town Center |
| 26:26 | Create | Hand Cannoneer |
| 26:26 | Create | Hand Cannoneer |
| 26:27 | Create | Hand Cannoneer |
| 26:27 | Create | Hand Cannoneer |
| 26:27 | Create | Hand Cannoneer |
| 26:37 | Build | Archery Range |
| 26:55 | Build | House |
| 26:55 | Build | House |
| 27:04 | Create | Villager (Male) |
| 27:04 | Create | Villager (Male) |
| 27:04 | Create | Villager (Male) |
| 27:11 | Age | Imperial Age |
| 27:14 | Create | Trebuchet (Packed) |
| 27:38 | Create | Hand Cannoneer |
| 27:38 | Create | Hand Cannoneer |
| 27:39 | Create | Hand Cannoneer |
| 27:43 | Create | Bombard Cannon |
| 27:48 | Create | Villager (Male) |
| 27:48 | Create | Villager (Male) |
| 27:48 | Create | Villager (Male) |
| 27:55 | Create | Villager (Male) |
| 27:55 | Create | Villager (Male) |
| 27:56 | Create | Villager (Male) |
| 27:56 | Create | Villager (Male) |
| 27:56 | Create | Villager (Male) |
| 28:04 | Build | House |
| 28:05 | Build | House |
| 28:10 | Create | Villager (Male) |
| 28:10 | Create | Villager (Male) |
| 28:10 | Create | Villager (Male) |
| 28:27 | Research | Bow Saw |
| 28:32 | Create | Villager (Male) |
Build order — Võ Nguyên Giáp
First 150 of 624 actions detected
| 0:06 | Build | House |
| 0:09 | Research | Loom |
| 0:09 | Research | Loom |
| 0:10 | Research | Loom |
| 0:36 | Build | Settlement |
| 0:38 | Create | Villager (Male) |
| 0:38 | Create | Villager (Male) |
| 0:39 | Create | Villager (Male) |
| 0:39 | Create | Villager (Male) |
| 0:39 | Create | Villager (Male) |
| 0:40 | Create | Villager (Male) |
| 1:47 | Create | Villager (Male) |
| 1:48 | Create | Villager (Male) |
| 2:38 | Create | Villager (Male) |
| 2:39 | Create | Villager (Male) |
| 2:57 | Create | Villager (Male) |
| 2:57 | Create | Villager (Male) |
| 3:10 | Create | Villager (Male) |
| 3:11 | Create | Villager (Male) |
| 3:34 | Create | Villager (Male) |
| 3:34 | Create | Villager (Male) |
| 4:09 | Create | Villager (Male) |
| 4:10 | Create | Villager (Male) |
| 4:10 | Create | Villager (Male) |
| 4:37 | Create | Villager (Male) |
| 4:37 | Create | Villager (Male) |
| 4:37 | Create | Villager (Male) |
| 4:57 | Create | Villager (Male) |
| 4:57 | Create | Villager (Male) |
| 5:15 | Create | Villager (Male) |
| 5:16 | Create | Villager (Male) |
| 5:16 | Create | Villager (Male) |
| 5:32 | Create | Villager (Male) |
| 5:32 | Create | Villager (Male) |
| 5:33 | Create | Villager (Male) |
| 5:33 | Create | Villager (Male) |
| 5:52 | Create | Villager (Male) |
| 5:52 | Create | Villager (Male) |
| 6:05 | Create | Villager (Male) |
| 6:05 | Create | Villager (Male) |
| 7:19 | Build | Settlement |
| 7:49 | Create | Villager (Male) |
| 7:49 | Create | Villager (Male) |
| 8:52 | Research | Feudal Age |
| 8:52 | Research | Feudal Age |
| 8:53 | Research | Feudal Age |
| 9:21 | Build | Settlement |
| 11:08 | Age | Feudal Age |
| 11:13 | Research | Wheelbarrow |
| 11:13 | Research | Wheelbarrow |
| 11:30 | Build | Barracks |
| 11:55 | Create | Villager (Male) |
| 12:12 | Research | Double-Bit Axe |
| 12:12 | Research | Double-Bit Axe |
| 12:35 | Create | Villager (Male) |
| 12:36 | Create | Villager (Male) |
| 12:36 | Create | Villager (Male) |
| 13:20 | Build | Settlement |
| 13:23 | Create | Unit 2550 |
| 13:23 | Create | Unit 2550 |
| 13:40 | Create | Villager (Male) |
| 14:01 | Build | Farm |
| 14:02 | Create | Villager (Male) |
| 14:19 | Research | Tech 1402 |
| 14:20 | Research | Tech 1402 |
| 14:20 | Create | Unit 2550 |
| 14:21 | Create | Unit 2550 |
| 14:21 | Create | Unit 2550 |
| 14:23 | Create | Villager (Male) |
| 14:23 | Create | Villager (Male) |
| 14:23 | Create | Villager (Male) |
| 14:51 | Build | Market |
| 15:13 | Create | Villager (Male) |
| 15:13 | Create | Villager (Male) |
| 15:17 | Build | Farm |
| 15:24 | Build | Farm |
| 15:25 | Build | Farm |
| 15:25 | Build | Farm |
| 15:25 | Build | Farm |
| 15:27 | Build | Farm |
| 15:41 | Build | Farm |
| 16:23 | Build | Farm |
| 16:25 | Create | Villager (Male) |
| 16:28 | Build | Farm |
| 16:35 | Build | Blacksmith |
| 16:45 | Build | Farm |
| 16:50 | Build | Farm |
| 16:51 | Build | Farm |
| 16:53 | Create | Villager (Male) |
| 16:57 | Build | Farm |
| 17:06 | Research | Horse Collar |
| 17:07 | Research | Horse Collar |
| 17:24 | Build | Farm |
| 17:38 | Create | Villager (Male) |
| 17:47 | Build | Settlement |
| 18:10 | Research | Castle Age |
| 18:11 | Research | Castle Age |
| 18:17 | Build | Farm |
| 18:23 | Build | Farm |
| 18:24 | Build | Farm |
| 18:33 | Create | Trade Cart |
| 18:50 | Research | Forging |
| 18:50 | Research | Forging |
| 18:57 | Create | Trade Cart |
| 19:01 | Research | Gold Mining |
| 19:21 | Create | Unit 2550 |
| 19:21 | Create | Unit 2550 |
| 19:21 | Create | Unit 2550 |
| 19:21 | Create | Unit 2550 |
| 19:22 | Create | Unit 2550 |
| 19:48 | Research | Stone Mining |
| 19:53 | Create | Trade Cart |
| 19:53 | Create | Trade Cart |
| 20:34 | Build | House |
| 20:44 | Create | Spearman |
| 20:44 | Create | Spearman |
| 20:45 | Create | Spearman |
| 20:45 | Create | Spearman |
| 20:45 | Create | Spearman |
| 20:45 | Create | Spearman |
| 20:46 | Create | Spearman |
| 20:50 | Age | Castle Age |
| 21:22 | Build | Town Center |
| 21:43 | Research | Pikeman (upgrade) |
| 21:47 | Research | Scale Mail Armor |
| 21:47 | Research | Scale Mail Armor |
| 21:48 | Create | Villager (Male) |
| 21:49 | Create | Villager (Male) |
| 21:49 | Create | Villager (Male) |
| 21:49 | Create | Villager (Male) |
| 21:50 | Create | Villager (Male) |
| 22:00 | Build | Town Center |
| 22:40 | Create | Spearman |
| 22:40 | Create | Spearman |
| 22:41 | Create | Spearman |
| 22:43 | Create | Villager (Male) |
| 22:43 | Create | Villager (Male) |
| 22:43 | Create | Villager (Male) |
| 22:44 | Create | Villager (Male) |
| 22:44 | Create | Villager (Male) |
| 22:44 | Create | Villager (Male) |
| 22:45 | Create | Villager (Male) |
| 22:45 | Create | Villager (Male) |
| 22:57 | Build | Town Center |
| 23:06 | Create | Villager (Male) |
| 23:06 | Create | Villager (Male) |
| 23:11 | Create | Villager (Male) |
| 23:13 | Build | Farm |
| 23:15 | Create | Villager (Male) |
| 23:15 | Create | Villager (Male) |
Build order — TM PIMPON
142 actions detected in the replay
| 0:05 | Build | House |
| 0:10 | Build | House |
| 0:12 | Create | Villager (Male) |
| 0:12 | Create | Villager (Male) |
| 0:19 | Research | Loom |
| 0:56 | Create | Villager (Male) |
| 0:56 | Create | Villager (Male) |
| 1:18 | Build | Palisade Wall |
| 1:38 | Create | Villager (Male) |
| 1:38 | Create | Villager (Male) |
| 3:52 | Create | Villager (Male) |
| 3:52 | Create | Villager (Male) |
| 5:26 | Create | Villager (Male) |
| 5:26 | Create | Villager (Male) |
| 6:30 | Create | Villager (Male) |
| 7:37 | Create | Villager (Male) |
| 7:37 | Create | Villager (Male) |
| 8:17 | Create | Villager (Male) |
| 8:17 | Create | Villager (Male) |
| 8:35 | Create | Villager (Male) |
| 8:35 | Create | Villager (Male) |
| 9:43 | Create | Villager (Male) |
| 9:43 | Create | Villager (Male) |
| 10:49 | Create | Villager (Male) |
| 10:49 | Create | Villager (Male) |
| 11:15 | Create | Villager (Male) |
| 11:15 | Create | Villager (Male) |
| 11:43 | Build | House |
| 11:44 | Build | House |
| 11:54 | Create | Villager (Male) |
| 11:54 | Create | Villager (Male) |
| 12:54 | Create | Villager (Male) |
| 12:54 | Create | Villager (Male) |
| 13:01 | Build | Palisade Gate |
| 13:09 | Build | Palisade Wall |
| 13:44 | Build | Palisade Wall |
| 14:39 | Create | Villager (Male) |
| 14:40 | Create | Villager (Male) |
| 15:31 | Create | Villager (Male) |
| 15:55 | Build | Lumber Camp |
| 16:10 | Create | Villager (Male) |
| 16:11 | Create | Villager (Male) |
| 16:53 | Create | Villager (Male) |
| 17:04 | Build | Mill |
| 17:24 | Create | Villager (Male) |
| 17:31 | Build | Mill |
| 18:07 | Create | Villager (Male) |
| 18:54 | Create | Villager (Male) |
| 19:11 | Build | House |
| 19:12 | Build | House |
| 19:20 | Research | Feudal Age |
| 20:12 | Build | Mill |
| 20:55 | Build | Barracks |
| 21:30 | Age | Feudal Age |
| 21:34 | Create | Villager (Male) |
| 21:41 | Build | Mining Camp |
| 21:52 | Create | Villager (Male) |
| 21:58 | Build | Blacksmith |
| 22:07 | Create | Villager (Male) |
| 22:32 | Build | Market |
| 22:50 | Build | Farm |
| 23:02 | Create | Villager (Male) |
| 23:07 | Build | Farm |
| 23:48 | Build | Farm |
| 24:01 | Build | Mining Camp |
| 24:18 | Create | Villager (Male) |
| 24:30 | Build | Lumber Camp |
| 24:38 | Research | Castle Age |
| 25:01 | Research | Double-Bit Axe |
| 25:05 | Research | Horse Collar |
| 25:41 | Build | Lumber Camp |
| 25:57 | Research | Stone Mining |
| 26:30 | Research | Gold Mining |
| 26:57 | Build | Farm |
| 27:01 | Create | Villager (Male) |
| 27:02 | Create | Villager (Male) |
| 27:23 | Age | Castle Age |
| 27:44 | Create | Villager (Male) |
| 27:44 | Create | Villager (Male) |
| 27:57 | Build | House |
| 27:58 | Build | House |
| 28:07 | Build | House |
| 28:08 | Build | House |
| 28:10 | Build | House |
| 28:22 | Build | Siege Workshop |
| 28:24 | Build | Siege Workshop |
| 28:36 | Build | Monastery |
| 28:44 | Build | Farm |
| 28:44 | Build | Farm |
| 28:47 | Create | Villager (Male) |
| 28:47 | Create | Villager (Male) |
| 29:34 | Build | Town Center |
| 29:47 | Create | Monk |
| 29:47 | Create | Monk |
| 30:44 | Build | Castle |
| 31:08 | Create | Villager (Male) |
| 31:08 | Create | Villager (Male) |
| 31:09 | Create | Villager (Male) |
| 32:01 | Research | Bow Saw |
| 32:31 | Build | Town Center |
| 32:40 | Build | Mining Camp |
| 33:39 | Build | Monastery |
| 33:42 | Build | House |
| 33:43 | Build | House |
| 33:43 | Build | House |
| 33:43 | Build | House |
| 33:44 | Build | House |
| 33:44 | Build | House |
| 33:44 | Build | House |
| 33:44 | Build | House |
| 34:14 | Build | Mining Camp |
| 35:13 | Build | Mill |
| 35:16 | Build | Farm |
| 35:16 | Build | Farm |
| 35:16 | Build | Farm |
| 35:16 | Build | Farm |
| 35:17 | Build | Farm |
| 35:17 | Build | Farm |
| 35:17 | Build | Farm |
| 35:21 | Research | Gold Shaft Mining |
| 35:40 | Create | Villager (Male) |
| 35:40 | Create | Villager (Male) |
| 36:42 | Build | Farm |
| 37:19 | Create | Villager (Male) |
| 37:20 | Create | Villager (Male) |
| 37:28 | Build | Farm |
| 37:28 | Build | Farm |
| 37:29 | Build | Farm |
| 37:29 | Build | Farm |
| 37:58 | Create | Villager (Male) |
| 38:29 | Create | Villager (Male) |
| 38:30 | Create | Villager (Male) |
| 38:30 | Create | Villager (Male) |
| 38:57 | Build | Castle |
| 39:01 | Create | Villager (Male) ×2 |
| 39:46 | Research | Imperial Age |
| 42:53 | Build | Monastery |
| 42:56 | Age | Imperial Age |
| 43:00 | Create | Monk |
| 43:00 | Create | Monk |
| 43:00 | Create | Monk |
| 43:09 | Build | Lumber Camp |
Build order — L3GAL
147 actions detected in the replay
| 0:07 | Research | Loom |
| 0:08 | Create | Villager (Male) ×4 |
| 0:09 | Create | Villager (Male) ×4 |
| 0:13 | Build | House |
| 0:14 | Build | House |
| 2:01 | Create | Villager (Male) |
| 2:01 | Create | Villager (Male) |
| 2:29 | Create | Villager (Male) |
| 2:29 | Create | Villager (Male) |
| 2:29 | Create | Villager (Male) |
| 2:52 | Create | Villager (Male) |
| 2:52 | Create | Villager (Male) |
| 2:53 | Create | Villager (Male) |
| 3:10 | Build | House |
| 3:14 | Create | Villager (Male) |
| 3:24 | Create | Villager (Male) |
| 3:24 | Create | Villager (Male) |
| 3:57 | Create | Villager (Male) |
| 3:57 | Create | Villager (Male) |
| 3:57 | Create | Villager (Male) |
| 4:21 | Build | House |
| 4:26 | Create | Villager (Male) |
| 4:27 | Create | Villager (Male) |
| 4:40 | Create | Villager (Male) |
| 4:41 | Create | Villager (Male) |
| 5:20 | Create | Villager (Male) ×3 |
| 5:53 | Build | Lumber Camp |
| 6:54 | Create | Villager (Male) ×5 |
| 7:02 | Build | House |
| 8:08 | Build | Mill |
| 8:32 | Build | Mill |
| 9:36 | Create | Villager (Male) |
| 10:03 | Create | Villager (Male) |
| 10:03 | Create | Villager (Male) |
| 10:13 | Build | Mill |
| 10:25 | Create | Villager (Male) |
| 10:26 | Create | Villager (Male) |
| 10:26 | Create | Villager (Male) |
| 10:57 | Create | Villager (Male) |
| 10:58 | Create | Villager (Male) |
| 11:40 | Build | House |
| 11:41 | Build | House |
| 13:29 | Research | Feudal Age |
| 13:30 | Create | Villager (Male) ×5 |
| 14:33 | Create | Villager (Male) |
| 15:08 | Build | Mill |
| 15:39 | Age | Feudal Age |
| 15:51 | Build | House |
| 15:51 | Build | House |
| 15:52 | Build | House |
| 15:52 | Build | House |
| 15:54 | Build | House |
| 16:00 | Build | Farm |
| 16:01 | Build | Farm |
| 16:02 | Build | Farm |
| 16:03 | Build | Farm |
| 16:04 | Build | Farm |
| 16:06 | Build | Farm |
| 16:09 | Research | Horse Collar |
| 16:11 | Research | Double-Bit Axe |
| 16:14 | Create | Villager (Male) |
| 16:52 | Create | Villager (Male) |
| 17:00 | Build | Mining Camp |
| 17:07 | Build | Market |
| 17:14 | Create | Villager (Male) |
| 17:24 | Build | House |
| 17:26 | Build | House |
| 17:27 | Build | House |
| 17:27 | Build | House |
| 18:30 | Build | Lumber Camp |
| 18:46 | Build | Farm |
| 18:46 | Build | Farm |
| 18:49 | Build | Farm |
| 18:50 | Build | Farm |
| 18:53 | Build | Farm |
| 18:58 | Build | Farm |
| 19:33 | Build | Farm |
| 19:35 | Build | Farm |
| 19:39 | Build | Farm |
| 19:42 | Build | Farm |
| 19:52 | Build | Farm |
| 19:56 | Create | Villager (Male) |
| 19:57 | Create | Villager (Male) |
| 19:57 | Create | Villager (Male) |
| 20:02 | Create | Villager (Male) |
| 21:01 | Build | Barracks |
| 21:48 | Research | Wheelbarrow |
| 22:36 | Build | Blacksmith |
| 23:37 | Research | Castle Age |
| 23:46 | Build | Mining Camp |
| 23:56 | Research | Stone Mining |
| 23:58 | Create | Spearman ×4 |
| 24:43 | Create | Villager (Male) ×2 |
| 25:11 | Build | Mining Camp |
| 25:26 | Research | Fletching |
| 25:36 | Build | Archery Range |
| 26:17 | Age | Castle Age |
| 26:29 | Build | Town Center |
| 26:47 | Research | Gold Mining |
| 26:59 | Create | Villager (Male) |
| 27:54 | Build | Town Center |
| 28:10 | Build | Farm |
| 28:15 | Build | Farm |
| 28:19 | Build | Farm |
| 28:21 | Build | Farm |
| 28:24 | Build | Farm |
| 29:32 | Build | Town Center |
| 29:43 | Build | Town Center |
| 29:51 | Create | Villager (Male) |
| 30:11 | Create | Villager (Male) ×2 |
| 30:18 | Build | Farm |
| 30:19 | Build | Farm |
| 30:21 | Build | Farm |
| 30:22 | Build | Farm |
| 30:48 | Create | Villager (Male) |
| 31:16 | Build | Farm |
| 31:18 | Build | Farm |
| 31:21 | Create | Villager (Male) ×2 |
| 31:48 | Build | Farm |
| 31:51 | Build | Farm |
| 31:54 | Build | Farm |
| 31:56 | Build | Farm |
| 32:01 | Create | Villager (Male) ×2 |
| 32:02 | Create | Villager (Male) ×2 |
| 32:18 | Create | Villager (Male) |
| 32:18 | Create | Villager (Male) |
| 32:28 | Build | House |
| 32:29 | Build | House |
| 32:31 | Build | House |
| 32:32 | Build | House |
| 32:34 | Build | House |
| 32:45 | Create | Villager (Male) ×3 |
| 32:57 | Create | Villager (Male) |
| 32:58 | Create | Villager (Male) |
| 32:58 | Create | Villager (Male) |
| 33:34 | Create | Villager (Male) ×3 |
| 33:50 | Create | Villager (Male) ×2 |
| 35:09 | Create | Villager (Male) ×5 |
| 35:50 | Create | Villager (Male) ×5 |
| 36:32 | Build | House |
| 36:33 | Build | House |
| 36:34 | Build | House |
| 36:36 | Build | House |
| 36:37 | Build | House |
| 36:38 | Build | House |
| 36:40 | Build | House |
| 38:25 | Create | Villager (Male) ×5 |
Build order — ComeCanchaDelAño
First 150 of 291 actions detected
| 0:01 | Create | Villager (Male) |
| 0:01 | Create | Villager (Male) |
| 0:02 | Create | Villager (Male) |
| 0:02 | Create | Villager (Male) |
| 0:03 | Build | House |
| 0:05 | Build | House |
| 0:45 | Create | Villager (Male) |
| 1:24 | Create | Villager (Male) |
| 1:43 | Build | Lumber Camp |
| 2:11 | Create | Villager (Male) |
| 2:33 | Create | Villager (Male) |
| 3:12 | Create | Villager (Male) |
| 3:32 | Create | Villager (Male) |
| 3:41 | Build | House |
| 4:03 | Build | Mill |
| 4:06 | Create | Villager (Male) |
| 4:08 | Create | Villager (Male) |
| 4:42 | Create | Villager (Male) |
| 5:30 | Create | Villager (Male) |
| 5:31 | Create | Villager (Male) |
| 5:31 | Create | Villager (Male) |
| 5:44 | Build | Farm |
| 5:44 | Build | Farm |
| 5:44 | Build | Farm |
| 6:08 | Create | Villager (Male) |
| 6:25 | Build | Farm |
| 6:40 | Build | House |
| 6:47 | Research | Loom |
| 6:47 | Create | Villager (Male) |
| 6:48 | Create | Villager (Male) |
| 7:25 | Build | Mining Camp |
| 7:57 | Create | Villager (Male) |
| 8:13 | Research | Feudal Age |
| 9:09 | Create | Villager (Male) |
| 10:15 | Create | Villager (Male) |
| 10:26 | Age | Feudal Age |
| 10:39 | Build | Barracks |
| 10:44 | Create | Villager (Male) |
| 10:45 | Create | Villager (Male) |
| 10:53 | Build | Farm |
| 11:30 | Build | Stable |
| 11:36 | Create | Villager (Male) |
| 11:40 | Build | House |
| 11:42 | Build | House |
| 12:33 | Build | Mill |
| 12:36 | Create | Scout Cavalry |
| 12:36 | Create | Scout Cavalry |
| 12:37 | Create | Scout Cavalry |
| 12:37 | Create | Scout Cavalry |
| 12:55 | Create | Villager (Male) |
| 12:56 | Create | Villager (Male) |
| 13:28 | Create | Villager (Male) |
| 13:39 | Build | Market |
| 14:12 | Research | Castle Age |
| 14:30 | Research | Double-Bit Axe |
| 15:42 | Create | Villager (Male) |
| 15:43 | Create | Villager (Male) |
| 15:49 | Research | Wheelbarrow |
| 16:37 | Age | Castle Age |
| 16:50 | Build | Mining Camp |
| 16:58 | Create | Knight |
| 16:58 | Create | Knight |
| 16:58 | Create | Knight |
| 16:59 | Create | Knight |
| 16:59 | Create | Knight |
| 17:31 | Create | Villager (Male) |
| 17:31 | Create | Villager (Male) |
| 17:59 | Build | Town Center |
| 18:32 | Research | Horse Collar |
| 18:40 | Create | Villager (Male) |
| 18:50 | Build | House |
| 18:51 | Build | House |
| 19:07 | Research | Husbandry |
| 19:26 | Create | Knight |
| 19:46 | Create | Villager (Male) |
| 19:46 | Create | Villager (Male) |
| 19:46 | Create | Villager (Male) |
| 20:41 | Create | Villager (Male) |
| 20:42 | Create | Villager (Male) |
| 20:42 | Create | Villager (Male) |
| 20:42 | Create | Villager (Male) |
| 20:45 | Build | Farm |
| 20:45 | Build | Farm |
| 20:45 | Build | Farm |
| 20:46 | Build | Farm |
| 20:46 | Build | Farm |
| 21:12 | Create | Villager (Male) |
| 21:12 | Create | Villager (Male) |
| 21:31 | Create | Villager (Male) |
| 21:44 | Build | Castle |
| 21:57 | Build | Farm |
| 21:57 | Build | Farm |
| 21:58 | Build | Farm |
| 21:59 | Build | Farm |
| 22:03 | Create | Villager (Male) |
| 22:03 | Create | Villager (Male) |
| 23:11 | Create | Villager (Male) |
| 23:11 | Create | Villager (Male) |
| 23:11 | Create | Villager (Male) |
| 23:15 | Build | House |
| 23:15 | Build | House |
| 23:16 | Build | House |
| 23:17 | Build | House |
| 23:22 | Create | Villager (Male) |
| 23:23 | Create | Villager (Male) |
| 24:01 | Build | Town Center |
| 24:04 | Create | Villager (Male) |
| 25:10 | Build | Blacksmith |
| 25:17 | Build | Mining Camp |
| 25:19 | Create | Villager (Male) |
| 25:20 | Create | Villager (Male) |
| 25:21 | Create | Villager (Male) |
| 25:44 | Research | Imperial Age |
| 26:12 | Build | Farm |
| 26:32 | Create | War Elephant |
| 26:45 | Create | Villager (Male) |
| 26:45 | Create | Villager (Male) |
| 26:45 | Create | Villager (Male) |
| 27:04 | Create | Villager (Male) |
| 27:17 | Create | Villager (Male) |
| 27:39 | Create | Villager (Male) |
| 27:40 | Create | Villager (Male) |
| 27:40 | Create | Villager (Male) |
| 27:54 | Create | Villager (Male) |
| 27:54 | Create | Villager (Male) |
| 27:55 | Create | Villager (Male) |
| 28:01 | Build | Farm |
| 28:02 | Build | Farm |
| 28:02 | Build | Farm |
| 28:02 | Build | Farm |
| 28:02 | Build | Farm |
| 28:03 | Build | Farm |
| 28:03 | Build | Farm |
| 28:03 | Build | Farm |
| 28:05 | Build | Farm |
| 28:09 | Create | Villager (Male) |
| 28:37 | Build | Stable |
| 28:38 | Build | Stable |
| 28:48 | Age | Imperial Age |
| 28:52 | Create | Trebuchet (Packed) |
| 28:52 | Create | Trebuchet (Packed) |
| 28:58 | Create | Villager (Male) |
| 28:59 | Create | Villager (Male) |
| 28:59 | Create | Villager (Male) |
| 28:59 | Create | Villager (Male) |
| 29:00 | Create | Villager (Male) |
| 29:16 | Create | Villager (Male) |
| 29:16 | Create | Villager (Male) |
| 29:16 | Create | Villager (Male) |
| 29:17 | Create | Villager (Male) |
Build order — TDoggy
First 150 of 284 actions detected
| 0:02 | Create | Villager (Male) |
| 0:02 | Create | Villager (Male) |
| 0:02 | Create | Villager (Male) |
| 0:03 | Build | House |
| 0:05 | Build | House |
| 0:23 | Research | Loom |
| 0:25 | Create | Villager (Male) |
| 0:25 | Create | Villager (Male) |
| 0:25 | Create | Villager (Male) |
| 0:25 | Create | Villager (Male) |
| 1:03 | Build | Palisade Wall |
| 1:05 | Build | Palisade Gate |
| 2:46 | Create | Villager (Male) |
| 2:46 | Create | Villager (Male) |
| 2:46 | Create | Villager (Male) |
| 3:25 | Create | Villager (Male) |
| 3:25 | Create | Villager (Male) |
| 3:26 | Create | Villager (Male) |
| 4:01 | Create | Villager (Male) |
| 4:01 | Create | Villager (Male) |
| 4:02 | Create | Villager (Male) |
| 4:47 | Create | Villager (Male) |
| 4:47 | Create | Villager (Male) |
| 4:48 | Create | Villager (Male) |
| 5:10 | Build | Lumber Camp |
| 5:29 | Create | Villager (Male) |
| 6:09 | Create | Villager (Male) |
| 6:09 | Create | Villager (Male) |
| 6:10 | Create | Villager (Male) |
| 6:32 | Create | Villager (Male) |
| 7:00 | Create | Villager (Male) |
| 7:00 | Create | Villager (Male) |
| 7:00 | Create | Villager (Male) |
| 7:08 | Build | House |
| 7:34 | Create | Villager (Male) |
| 7:34 | Create | Villager (Male) |
| 7:40 | Build | House |
| 7:50 | Create | Villager (Male) |
| 7:50 | Create | Villager (Male) |
| 7:50 | Create | Villager (Male) |
| 8:10 | Create | Villager (Male) |
| 8:18 | Create | Villager (Male) |
| 8:19 | Create | Villager (Male) |
| 9:42 | Create | Villager (Male) |
| 9:42 | Create | Villager (Male) |
| 9:42 | Create | Villager (Male) |
| 10:26 | Create | Villager (Male) |
| 10:26 | Create | Villager (Male) |
| 10:26 | Create | Villager (Male) |
| 10:27 | Create | Villager (Male) |
| 10:27 | Create | Villager (Male) |
| 12:21 | Create | Villager (Male) |
| 12:22 | Create | Villager (Male) |
| 12:52 | Build | House |
| 12:55 | Build | House |
| 13:18 | Build | Lumber Camp |
| 13:56 | Create | Villager (Male) |
| 13:57 | Create | Villager (Male) |
| 13:57 | Create | Villager (Male) |
| 14:35 | Build | Mill |
| 14:55 | Build | Mill |
| 15:03 | Research | Feudal Age |
| 15:23 | Build | Mining Camp |
| 16:36 | Create | Villager (Male) |
| 16:36 | Create | Villager (Male) |
| 16:36 | Create | Villager (Male) |
| 17:33 | Age | Feudal Age |
| 17:45 | Build | Market |
| 17:49 | Build | Blacksmith |
| 17:51 | Research | Horse Collar |
| 18:12 | Build | Farm |
| 18:13 | Build | Farm |
| 18:14 | Build | Farm |
| 18:15 | Build | Farm |
| 18:17 | Build | Farm |
| 18:44 | Research | Castle Age |
| 18:51 | Build | Barracks |
| 19:10 | Build | Stone Wall |
| 19:17 | Build | Stone Wall |
| 19:26 | Build | Stone Wall |
| 19:28 | Build | Stone Wall |
| 19:29 | Build | Stone Wall |
| 19:54 | Create | Villager (Male) |
| 19:54 | Create | Villager (Male) |
| 20:01 | Build | Gate |
| 20:17 | Research | Double-Bit Axe |
| 20:18 | Create | Villager (Male) |
| 20:19 | Create | Villager (Male) |
| 20:19 | Create | Villager (Male) |
| 20:39 | Build | House |
| 20:40 | Build | House |
| 20:43 | Create | Villager (Male) |
| 20:43 | Create | Villager (Male) |
| 20:43 | Create | Villager (Male) |
| 21:11 | Create | Militia |
| 21:12 | Create | Militia |
| 21:12 | Create | Militia |
| 21:12 | Create | Militia |
| 21:28 | Age | Castle Age |
| 21:28 | Research | Heavy Plow |
| 21:29 | Research | Heavy Plow |
| 21:34 | Build | Siege Workshop |
| 21:44 | Create | Villager (Male) |
| 21:52 | Create | Militia |
| 21:53 | Create | Villager (Male) |
| 22:11 | Create | Mangonel |
| 22:28 | Build | Farm |
| 22:29 | Build | Farm |
| 22:30 | Build | Farm |
| 22:31 | Build | Farm |
| 22:36 | Create | Villager (Male) |
| 22:36 | Create | Militia |
| 22:36 | Create | Militia |
| 22:47 | Build | House |
| 23:00 | Create | Villager (Male) |
| 23:00 | Create | Villager (Male) |
| 23:02 | Build | Farm |
| 23:06 | Build | Farm |
| 23:07 | Build | Farm |
| 23:12 | Build | Farm |
| 23:24 | Create | Militia |
| 23:46 | Create | Villager (Male) |
| 23:46 | Create | Villager (Male) |
| 23:52 | Research | Town Watch |
| 23:57 | Build | House |
| 24:05 | Build | Farm |
| 24:11 | Build | House |
| 24:18 | Build | House |
| 24:19 | Build | House |
| 24:20 | Build | House |
| 24:20 | Build | House |
| 24:24 | Create | Villager (Male) |
| 24:24 | Create | Villager (Male) |
| 24:24 | Create | Villager (Male) |
| 24:40 | Build | Town Center |
| 25:15 | Research | Bow Saw |
| 25:23 | Create | Villager (Male) |
| 25:23 | Create | Villager (Male) |
| 25:34 | Build | Farm |
| 25:36 | Build | Farm |
| 25:42 | Create | Villager (Male) |
| 25:42 | Create | Villager (Male) |
| 25:50 | Build | House |
| 25:51 | Build | House |
| 25:57 | Research | Gold Mining |
| 26:15 | Create | Villager (Male) |
| 26:15 | Create | Villager (Male) |
| 26:15 | Create | Villager (Male) |
| 26:26 | Build | Mining Camp |
| 26:31 | Create | Villager (Male) |
Build order — ANDIFRES
First 150 of 419 actions detected
| 0:06 | Build | House |
| 0:08 | Create | Villager (Male) |
| 0:09 | Create | Villager (Male) |
| 0:09 | Create | Villager (Male) |
| 0:09 | Create | Villager (Male) |
| 0:09 | Create | Villager (Male) |
| 0:22 | Build | House |
| 1:42 | Create | Villager (Male) |
| 1:42 | Create | Villager (Male) |
| 1:53 | Build | Lumber Camp |
| 2:16 | Create | Villager (Male) |
| 2:17 | Create | Villager (Male) |
| 2:17 | Research | Loom |
| 2:44 | Create | Villager (Male) |
| 2:44 | Create | Villager (Male) |
| 3:20 | Create | Villager (Male) |
| 3:20 | Create | Villager (Male) |
| 3:30 | Create | Villager (Male) |
| 3:31 | Create | Villager (Male) |
| 3:41 | Build | House |
| 4:04 | Build | Mill |
| 4:05 | Create | Villager (Male) |
| 4:06 | Create | Villager (Male) |
| 4:36 | Create | Villager (Male) |
| 4:36 | Create | Villager (Male) |
| 5:01 | Create | Villager (Male) |
| 5:01 | Create | Villager (Male) |
| 5:12 | Create | Villager (Male) |
| 5:12 | Create | Villager (Male) |
| 5:32 | Create | Villager (Male) |
| 5:32 | Create | Villager (Male) |
| 5:37 | Create | Villager (Male) |
| 5:38 | Create | Villager (Male) |
| 6:17 | Create | Villager (Male) |
| 6:17 | Create | Villager (Male) |
| 6:37 | Create | Villager (Male) |
| 6:38 | Create | Villager (Male) |
| 6:45 | Create | Villager (Male) |
| 6:45 | Create | Villager (Male) |
| 6:48 | Build | House |
| 7:22 | Create | Villager (Male) |
| 7:22 | Create | Villager (Male) |
| 7:22 | Create | Villager (Male) |
| 7:23 | Create | Villager (Male) |
| 8:05 | Create | Villager (Male) |
| 8:29 | Research | Feudal Age |
| 9:31 | Create | Villager (Male) |
| 9:34 | Build | Mining Camp |
| 9:37 | Build | Mining Camp |
| 9:45 | Build | House |
| 9:48 | Create | Villager (Male) |
| 10:24 | Create | Villager (Male) |
| 10:38 | Create | Villager (Male) |
| 10:38 | Create | Villager (Male) |
| 10:41 | Age | Feudal Age |
| 11:09 | Build | Market |
| 11:11 | Build | Blacksmith |
| 11:14 | Create | Villager (Male) |
| 11:20 | Create | Villager (Male) |
| 11:44 | Build | Farm |
| 11:49 | Build | Farm |
| 11:49 | Build | Farm |
| 11:50 | Build | Farm |
| 12:19 | Build | House |
| 13:10 | Create | Villager (Male) |
| 13:22 | Build | Stone Wall |
| 13:23 | Build | Gate |
| 14:06 | Create | Villager (Male) |
| 14:38 | Create | Villager (Male) |
| 14:46 | Build | Farm |
| 14:55 | Research | Castle Age |
| 14:55 | Research | Castle Age |
| 15:13 | Build | Mill |
| 15:47 | Create | Villager (Male) |
| 15:56 | Create | Villager (Male) |
| 16:03 | Build | Farm |
| 16:20 | Build | House |
| 16:21 | Build | House |
| 16:34 | Build | Lumber Camp |
| 16:39 | Create | Villager (Male) |
| 17:06 | Create | Villager (Male) |
| 17:19 | Research | Double-Bit Axe |
| 17:43 | Age | Castle Age |
| 18:08 | Create | Villager (Male) |
| 18:46 | Build | Castle |
| 19:01 | Build | Palisade Wall |
| 19:12 | Create | Villager (Male) |
| 19:17 | Build | Town Center |
| 19:18 | Create | Villager (Male) |
| 19:19 | Create | Villager (Male) |
| 19:22 | Research | Bow Saw |
| 19:23 | Create | Villager (Male) |
| 19:53 | Build | Town Center |
| 19:55 | Create | Villager (Male) |
| 19:55 | Create | Villager (Male) |
| 20:09 | Build | Mining Camp |
| 20:15 | Create | Villager (Male) |
| 20:27 | Create | Villager (Male) |
| 20:53 | Build | Barracks |
| 20:57 | Create | Villager (Male) |
| 21:05 | Create | Villager (Male) |
| 21:07 | Create | Villager (Male) |
| 21:09 | Create | Villager (Male) |
| 21:36 | Build | Stable |
| 21:39 | Create | Villager (Male) |
| 21:40 | Create | Villager (Male) |
| 21:41 | Create | Villager (Male) |
| 21:42 | Create | Villager (Male) |
| 21:49 | Build | Farm |
| 22:01 | Build | Farm |
| 22:25 | Create | Knight |
| 22:26 | Create | Knight |
| 22:32 | Build | Farm |
| 22:33 | Build | Farm |
| 22:33 | Build | Farm |
| 22:34 | Build | Farm |
| 22:42 | Create | Knight |
| 22:43 | Create | Knight |
| 23:12 | Create | Villager (Male) |
| 23:12 | Create | Villager (Male) |
| 23:38 | Create | Villager (Male) |
| 23:38 | Create | Villager (Male) |
| 23:42 | Create | Villager (Male) |
| 23:48 | Build | Town Center |
| 24:09 | Build | Town Center |
| 24:09 | Create | Villager (Male) |
| 24:09 | Create | Villager (Male) |
| 24:10 | Create | Villager (Male) |
| 24:19 | Build | Lumber Camp |
| 24:29 | Create | Villager (Male) |
| 24:30 | Create | Villager (Male) |
| 24:49 | Create | Villager (Male) |
| 24:49 | Create | Villager (Male) |
| 24:57 | Build | Farm |
| 25:25 | Build | Monastery |
| 25:39 | Build | University |
| 25:41 | Create | Villager (Male) |
| 25:41 | Create | Villager (Male) |
| 25:42 | Create | Villager (Male) |
| 25:42 | Create | Villager (Male) |
| 25:52 | Build | Farm |
| 25:58 | Build | Farm |
| 26:19 | Build | Farm |
| 26:20 | Build | Farm |
| 26:25 | Build | Farm |
| 26:32 | Build | Farm |
| 26:34 | Create | Villager (Male) |
| 27:04 | Create | Villager (Male) |
| 27:05 | Create | Villager (Male) |
| 27:07 | Create | Villager (Male) |
Build order — IhateArena
First 150 of 442 actions detected
| 0:02 | Build | House |
| 0:04 | Build | House |
| 0:12 | Create | Villager (Male) |
| 0:12 | Create | Villager (Male) ×4 |
| 0:12 | Create | Villager (Male) |
| 0:18 | Research | Loom |
| 0:18 | Research | Loom |
| 0:18 | Research | Loom |
| 0:19 | Create | Villager (Male) |
| 0:20 | Create | Villager (Male) |
| 0:20 | Create | Villager (Male) ×2 |
| 0:20 | Create | Villager (Male) |
| 0:33 | Build | Palisade Wall |
| 2:23 | Create | Villager (Male) |
| 2:23 | Create | Villager (Male) |
| 2:27 | Build | Palisade Wall |
| 2:33 | Build | Palisade Wall |
| 3:03 | Create | Villager (Male) |
| 3:04 | Create | Villager (Male) |
| 3:25 | Create | Villager (Male) |
| 3:25 | Create | Villager (Male) |
| 3:39 | Create | Villager (Male) |
| 3:40 | Create | Villager (Male) |
| 4:00 | Create | Villager (Male) |
| 4:00 | Create | Villager (Male) |
| 4:20 | Create | Villager (Male) |
| 4:21 | Create | Villager (Male) |
| 4:44 | Build | Lumber Camp |
| 5:00 | Build | House |
| 5:03 | Create | Villager (Male) |
| 5:03 | Create | Villager (Male) |
| 5:36 | Create | Villager (Male) |
| 5:36 | Create | Villager (Male) |
| 6:07 | Create | Villager (Male) |
| 6:08 | Create | Villager (Male) |
| 6:33 | Create | Villager (Male) |
| 6:34 | Create | Villager (Male) |
| 6:36 | Build | House |
| 6:53 | Create | Villager (Male) |
| 6:53 | Create | Villager (Male) |
| 6:53 | Create | Villager (Male) |
| 7:08 | Build | Mill |
| 7:18 | Build | House |
| 7:22 | Build | Palisade Gate |
| 7:24 | Build | Palisade Wall |
| 7:36 | Build | House |
| 7:39 | Build | House |
| 7:43 | Build | House |
| 7:44 | Build | House |
| 7:56 | Create | Villager (Male) |
| 7:56 | Create | Villager (Male) |
| 7:56 | Create | Villager (Male) |
| 7:57 | Create | Villager (Male) |
| 7:57 | Create | Villager (Male) |
| 8:09 | Build | House |
| 8:11 | Build | House |
| 8:12 | Build | House |
| 8:12 | Build | House |
| 8:44 | Create | Villager (Male) |
| 8:45 | Create | Villager (Male) |
| 8:45 | Create | Villager (Male) ×2 |
| 8:45 | Create | Villager (Male) |
| 8:50 | Build | House |
| 9:07 | Create | Villager (Male) |
| 9:07 | Create | Villager (Male) |
| 9:21 | Create | Villager (Male) |
| 9:22 | Create | Villager (Male) |
| 9:59 | Create | Villager (Male) |
| 10:10 | Build | House |
| 10:12 | Build | Palisade Wall |
| 10:15 | Build | House |
| 10:15 | Build | House |
| 10:50 | Build | House |
| 10:52 | Build | House |
| 10:53 | Build | House |
| 11:15 | Research | Feudal Age |
| 11:15 | Research | Feudal Age |
| 11:26 | Build | House |
| 11:33 | Build | Palisade Gate |
| 11:36 | Build | Palisade Gate |
| 11:44 | Build | Palisade Gate |
| 11:47 | Build | House |
| 12:18 | Build | House |
| 12:25 | Build | Palisade Wall |
| 12:34 | Build | Palisade Wall |
| 12:36 | Build | Palisade Wall |
| 12:37 | Build | Palisade Wall |
| 12:44 | Build | House |
| 12:54 | Create | Villager (Male) |
| 13:06 | Build | House |
| 13:21 | Build | House |
| 13:26 | Age | Feudal Age |
| 13:29 | Create | Villager (Male) |
| 13:41 | Build | Stone Wall |
| 13:46 | Build | Gate |
| 13:50 | Build | Gate |
| 13:50 | Create | Villager (Male) |
| 13:55 | Build | Mining Camp |
| 14:14 | Build | House |
| 14:19 | Build | Palisade Wall |
| 14:30 | Build | Gate |
| 14:31 | Create | Villager (Male) |
| 14:35 | Research | Double-Bit Axe |
| 14:35 | Research | Double-Bit Axe |
| 14:45 | Build | Stone Wall |
| 14:49 | Build | Stone Wall |
| 14:50 | Build | Stone Wall |
| 14:51 | Build | Stone Wall |
| 14:59 | Create | Villager (Male) |
| 15:03 | Research | Horse Collar |
| 15:03 | Research | Horse Collar |
| 15:28 | Create | Villager (Male) |
| 15:34 | Build | Farm |
| 15:36 | Build | Farm |
| 15:36 | Build | Farm |
| 15:37 | Build | Farm |
| 15:38 | Build | Farm |
| 15:38 | Create | Villager (Male) |
| 16:00 | Create | Villager (Male) |
| 16:22 | Create | Villager (Male) |
| 16:24 | Create | Villager (Male) |
| 16:25 | Build | Farm |
| 16:25 | Build | Farm |
| 16:26 | Build | Farm |
| 16:26 | Build | Farm |
| 16:26 | Build | Farm |
| 16:26 | Build | Farm |
| 16:40 | Create | Villager (Male) |
| 16:44 | Build | Farm |
| 16:58 | Build | Stone Wall |
| 16:59 | Build | Stone Wall |
| 17:28 | Build | Farm |
| 17:28 | Build | Farm |
| 17:29 | Build | Farm |
| 17:30 | Create | Villager (Male) |
| 17:34 | Research | Gold Mining |
| 17:34 | Research | Gold Mining |
| 17:45 | Create | Villager (Male) |
| 17:51 | Build | Mining Camp |
| 18:15 | Build | House |
| 18:22 | Create | Villager (Male) |
| 18:31 | Build | Market |
| 18:58 | Build | Blacksmith |
| 19:02 | Create | Villager (Male) |
| 19:31 | Create | Villager (Male) |
| 19:35 | Build | House |
| 19:36 | Build | House |
| 19:52 | Create | Villager (Male) |
| 19:55 | Build | Lumber Camp |
| 20:29 | Build | House |
Match timeline
| 0:33 | IhateArena · wall_segment Palisade Wall x20 |
| 1:03 | TDoggy · wall_segment Palisade Wall x9 |
| 1:18 | TM PIMPON · wall_segment Palisade Wall x8 |
| 2:27 | IhateArena · wall_segment Palisade Wall x1 |
| 2:33 | IhateArena · wall_segment Palisade Wall x1 |
| 7:24 | IhateArena · wall_segment Palisade Wall x1 |
| 10:12 | IhateArena · wall_segment Palisade Wall x1 |
| 10:26 | ComeCanchaDelAño · age_up feudal |
| 10:39 | ComeCanchaDelAño · first_building Barracks |
| 10:41 | ANDIFRES · age_up feudal |
| 11:08 | Võ Nguyên Giáp · age_up feudal |
| 11:30 | Võ Nguyên Giáp · first_building Barracks |
| 11:30 | ComeCanchaDelAño · first_building Stable |
| 11:31 | Jeff · age_up feudal |
| 12:25 | IhateArena · wall_segment Palisade Wall x1 |
| 12:34 | IhateArena · wall_segment Palisade Wall x1 |
| 12:36 | IhateArena · wall_segment Palisade Wall x1 |
| 12:37 | IhateArena · wall_segment Palisade Wall x1 |
| 13:09 | TM PIMPON · wall_segment Palisade Wall x1 |
| 13:22 | ANDIFRES · wall_segment Stone Wall x12 |
| 13:26 | IhateArena · age_up feudal |
| 13:41 | IhateArena · wall_segment Stone Wall x1 |
| 13:44 | TM PIMPON · wall_segment Palisade Wall x1 |
| 14:19 | IhateArena · wall_segment Palisade Wall x1 |
| 14:45 | IhateArena · wall_segment Stone Wall x5 |
| 14:49 | IhateArena · wall_segment Stone Wall x1 |
| 14:50 | IhateArena · wall_segment Stone Wall x5 |
| 14:51 | IhateArena · wall_segment Stone Wall x1 |
| 15:39 | L3GAL · age_up feudal |
| 16:37 | ComeCanchaDelAño · age_up castle |
| 16:58 | IhateArena · wall_segment Stone Wall x1 |
| 16:59 | IhateArena · wall_segment Stone Wall x1 |
| 17:22 | Jeff · age_up castle |
| 17:33 | TDoggy · age_up feudal |
| 17:43 | ANDIFRES · age_up castle |
| 18:35 | TDoggy · first_market_sell 500 stone |
| 18:46 | ANDIFRES · first_building Castle |
| 18:51 | TDoggy · first_building Barracks |
| 19:01 | ANDIFRES · wall_segment Palisade Wall x2 |
| 19:05 | TDoggy · first_market_buy 100 stone |
| 19:10 | Jeff · first_building Monastery |
| 19:10 | TDoggy · wall_segment Stone Wall x10 |
| 19:17 | TDoggy · wall_segment Stone Wall x5 |
| 19:26 | TDoggy · wall_segment Stone Wall x3 |
| 19:28 | TDoggy · wall_segment Stone Wall x1 |
| 19:29 | TDoggy · wall_segment Stone Wall x1 |
| 20:21 | IhateArena · first_market_sell 100 wood |
| 20:22 | IhateArena · first_market_buy 100 food |
| 20:50 | Võ Nguyên Giáp · age_up castle |
| 20:53 | ANDIFRES · first_building Barracks |
| 20:55 | TM PIMPON · first_building Barracks |
| 21:01 | L3GAL · first_building Barracks |
| 21:28 | TDoggy · age_up castle |
| 21:30 | TM PIMPON · age_up feudal |
| 21:34 | TDoggy · first_building Siege Workshop |
| 21:36 | ANDIFRES · first_building Stable |
| 21:44 | ComeCanchaDelAño · first_building Castle |
| 21:56 | IhateArena · first_building Barracks |
| 22:31 | Jeff · first_building Castle |
| 22:38 | IhateArena · first_building Stable |
| 23:12 | IhateArena · age_up castle |
| 23:14 | IhateArena · first_building Castle |
| 23:54 | ComeCanchaDelAño · first_market_buy 100 stone |
| 24:14 | Jeff · first_building Siege Workshop |
| 24:34 | IhateArena · first_building Siege Workshop |
| 24:48 | Jeff · first_building Barracks |
| 25:25 | ANDIFRES · first_building Monastery |
| 25:29 | Jeff · first_building Archery Range |
| 25:36 | L3GAL · first_building Archery Range |
| 25:54 | IhateArena · wall_segment Stone Wall x1 |
| 25:56 | IhateArena · wall_segment Stone Wall x1 |
| 25:59 | Võ Nguyên Giáp · first_building Castle |
| 26:17 | L3GAL · age_up castle |
| 26:41 | ANDIFRES · first_market_buy 100 stone |
| 26:44 | ANDIFRES · first_market_sell 100 stone |
| 27:05 | Võ Nguyên Giáp · wall_segment Stone Wall x6 |
| 27:11 | Jeff · age_up imperial |
| 27:23 | TM PIMPON · age_up castle |
| 28:22 | TM PIMPON · first_building Siege Workshop |
| 28:36 | TM PIMPON · first_building Monastery |
| 28:48 | ComeCanchaDelAño · age_up imperial |
| 29:27 | ANDIFRES · wall_segment Stone Wall x2 |
| 30:44 | TM PIMPON · first_building Castle |
| 30:45 | TDoggy · wall_segment Stone Wall x12 |
| 31:16 | Võ Nguyên Giáp · first_market_buy 100 food |
| 31:22 | ANDIFRES · age_up imperial |
| 31:29 | IhateArena · first_building Monastery |
| 32:03 | ANDIFRES · wall_segment Stone Wall x15 |
| 32:10 | TDoggy · first_building Castle |
| 33:32 | IhateArena · first_building Archery Range |
| 33:57 | ANDIFRES · first_building Siege Workshop |
| 34:30 | Võ Nguyên Giáp · age_up imperial |
| 35:18 | TDoggy · first_building Krepost |
| 36:14 | ComeCanchaDelAño · first_building Siege Workshop |
| 36:51 | TDoggy · first_building Stable |
| 37:38 | Jeff · wall_segment Stone Wall x3 |
| 37:46 | Jeff · wall_segment Stone Wall x3 |
| 38:15 | IhateArena · age_up imperial |
| 38:56 | L3GAL · resign |
| 39:24 | TM PIMPON · first_market_buy 100 food |
| 42:56 | TM PIMPON · age_up imperial |
[ AI ANALYSIS · 1 CREDIT ]
What really happened in this match?
Wolo.gg analyzes every decision: build order, eco, micro, common mistakes by bracket. Personalized analysis on WhatsApp or Discord in 30 seconds.
Civ guide
Bohemians
Perfil
Jugador #24923338